[Event "Late-Titled-Tuesday-Blitz-August-29-2023"]
[Site "Chess.com"]
[Date "2023.08.29"]
[Round "2"]
[White "Mikhail_Bryakin"]
[Black "Defend1r"]
[Result "0-1"]
[WhiteElo "2815"]
[BlackElo "2552"]
[TimeControl "180+1"]
[EndTime "14:18:35 PDT"]
[Termination "Defend1r won by resignation"]

1. c4 Nf6 2. g3 e6 3. Bg2 d5 4. Nf3 dxc4 5. Na3 Qd5 6. Qa4+ Nbd7 7. Qxc4 Qxc4 8. Nxc4 b5 9. Na5 Bb4 10. Nd4 Nd5 11.
Nac6 Bd6 12. a3 a6 13. e4 N5b6 14. f4 e5 15. Nf5 g6 16. Nxd6+ cxd6 17. d4 exd4 18. Nxd4 Bb7 19. Bd2 f5 20. Kf2 Bxe4 21. Bxe4 fxe4 22. Rhe1 d5 23. b3 Kf7 24. Rac1 Rhc8 25.
Nc6 Ke6 26. Be3 Kd6 27. Ne5 Rxc1 28. Rxc1 Rc8 29. Rxc8 Nxc8 30. Nf7+ Ke7 31. Nh6 Nd6 32. g4 Nf7 33. Nxf7 Kxf7 34. Bd4 Ke6 35. Kg3 Nb8 36. Kf2 Nc6 37. Ke3 Na5 38. b4 Nc4+ 39.
Ke2 Nxa3 40. h4 Nc4 41. Kf2 a5 42. bxa5 Nxa5 43. Ke3 Nc4+ 44. Ke2 Nd6 45. Ke3 b4 46.
Kd2 Nb5 47. Bc5 b3 48. h5 d4 49. h6 e3+ 50. Kd3 b2 51. Kc2 e2 52. Bb4 Nc3 53. f5+ gxf5 54. g5 Kf7 55. g6+ Kxg6 56. Bxc3 dxc3 0-1

[Event "Late-Titled-Tuesday-Blitz-August-29-2023"]
[Site "Chess.com"]
[Date "2023.08.29"]
[Round "2"]
[White "DeTimmerman"]
[Black "Sacbutt"]
[Result "1-0"]
[WhiteElo "2694"]
[BlackElo "2233"]
[TimeControl "180+1"]
[EndTime "14:18:36 PDT"]
[Termination "DeTimmerman won on time"]

1. e4 c5 2. Nf3 d6 3. d4 cxd4 4. Nxd4 Nf6 5. Nc3 a6 6. Rg1 e5 7.
Nb3 h5 8. h3 h4 9. Be3 Be6 10.
Qd2 Nbd7 11. f4 Be7 12. f5 Bxb3 13. cxb3 Nc5 14. Bxc5 dxc5 15. O-O-O Qd4 16. Bc4 b5 17.
Bd5 Qxd2+ 18. Kxd2 Rd8 19. Ke2 O-O 20. Kf3 Nh5 21. Bb7 b4 22. Nd5 Bg5 23. a3 bxa3 24. bxa3 g6 25. Bxa6 gxf5 26. exf5 Nf4 27. Nxf4 Bxf4 28.
Bc4 Kg7 29. a4 Kf6 30. a5 Kxf5 31. a6 Ra8 32. Rd7 e4+ 33. Ke2 f6 34. Rf1 Rad8 35.
Rxd8 Rxd8 36. a7 Ra8 37. Ra1 Ke5 38. Ra6 Kd4 39. Bb5 f5 40. Bc6 Rd8 41. a8=Q Rxa8 42. Rxa8 Bd6 43. Re8 Kc3 44. Bd5 Bg3 45. Bg8 Kd4 46.
Bh7 f4 47. Rxe4+ 1-0

[Event "Late-Titled-Tuesday-Blitz-August-29-2023"]
[Site "Chess.com"]
[Date "2023.08.29"]
[Round "2"]
[White "djano"]
[Black "emiliocordova"]
[Result "1-0"]
[WhiteElo "2565"]
[BlackElo "2855"]
[TimeControl "180+1"]
[EndTime "14:18:38 PDT"]
[Termination "djano won by checkmate"]

1. e4 c5 2. Nc3 Nc6 3. Bb5 e6 4. Nf3 Nge7 5. O-O a6 6. Bxc6 bxc6 7. d4 cxd4 8. Nxd4 c5 9. Nb3 Qc7 10. Re1 Bb7 11. Qh5 Ng6 12. Bg5 Bd6 13. Rad1 O-O 14.
Be3 f5 15. Rxd6 Qxd6 16. Bxc5 Qc7 17. Bxf8 Rxf8 18. g3 fxe4 19. Qc5 Bc6 20. Nxe4 Ne5 21. Ned2 d6 22. Qe3 Ba8 23. f4 Qb7 24. Ne4 Ng4 25. Qd4 e5 26. Qxd6 exf4 27. Nbc5 Qb4 28. Qe6+ Kh8 29.
c3 Qxb2 30. Qxg4 f3 31. Nf2 Qxc3 32. Ncd3 h6 33. Qb4 Qc8 34. Rc1 Qe8 35. Re1 Qd8 36.
Qe7 Qc8 37. Qe6 Qc3 38. Qe5 Qc2 39. Qb2 Qc6 40. Qb4 Rg8 41. Qc5 Qg6 42. Qe3 Qf5 43. Nf4 Rd8 44. h4 Qc2 45. h5 Kh7 46. Ng6 Qf5 47. Qe7 Rg8 48. Qe5 Qf7 49. Qf4 Qxa2 50.
Qf5 Qd2 51. Nf8+ Kh8 52. Qh7# 1-0

[Event "Late-Titled-Tuesday-Blitz-August-29-2023"]
[Site "Chess.com"]
[Date "2023.08.29"]
[Round "2"]
[White "ErikRonka"]
[Black "ilushka"]
[Result "0-1"]
[WhiteElo "2493"]
[BlackElo "2366"]
[TimeControl "180+1"]
[EndTime "14:18:38 PDT"]
[Termination "ilushka won on time"]

1. e4 c5 2. Nf3 Nc6 3. d4 cxd4 4. Nxd4 Nf6 5. Nc3 e5 6. Ndb5 d6 7. Bg5 a6 8. Na3 Be6 9. Nc4 Rb8 10. Nd5 Bxd5 11.
exd5 Ne7 12. Bxf6 gxf6 13. Ne3 f5 14. g3 Qa5+ 15. c3 Bh6 16. Bg2 Bxe3 17. fxe3 e4 18. O-O Qxd5 19. Qe2 Qe6 20. Rf2 h5 21. b3 h4 22.
Raf1 hxg3 23. hxg3 Qe5 24. Rf4 Ng6 25. Rxf5 Qxg3 26. Qc4 Qxe3+ 27. R5f2 Ne5 28. Qxe4 Qxe4 29. Bxe4 Ke7 30. Rg2 b5 31. Bd5 Rbg8 32. Rd1 Rxg2+ 33. Kxg2 f5 34. b4 Ng4 35. Kg3 Kf6 36. Re1 Ne5 37.
Bb7 Rg8+ 38. Kh3 f4 39. Bxa6 Rg3+ 40. Kh4 Nf3+ 41. Kh5 Nxe1 42. Bxb5 Nf3 43. a4 Ne5 44.
Bd7 f3 0-1

[Event "Late-Titled-Tuesday-Blitz-August-29-2023"]
[Site "Chess.com"]
[Date "2023.08.29"]
[Round "2"]
[White "19912131712118"]
[Black "Triumphmate"]
[Result "1/2-1/2"]
[WhiteElo "2396"]
[BlackElo "2575"]
[TimeControl "180+1"]
[EndTime "14:18:40 PDT"]
[Termination "Game drawn by repetition"]

1. e4 d5 2. exd5 Nf6 3. Nf3 Bg4 4. Be2 Qxd5 5. h3 Bh5 6. Nc3 Qd7 7. d4 Nc6 8. O-O e6 9. Be3 O-O-O 10. Ne5 Nxe5 11.
Bxh5 Nc6 12. Bf3 Nxd4 13. Bxd4 Qxd4 14. Qe2 Bd6 15. Nb5 Qe5 16. Qxe5 Bxe5 17. Nxa7+ Kb8 18. Nb5 c6 19. Nc3 Bxc3 20. bxc3 Rd2 21. Rfc1 Kc7 22. a4 Ra8 23. Kf1 Nd5 24. Ke1 Rxf2 25. Kxf2 Nxc3 26. a5 e5 27. Ke3 f5 28. Kd2 Nb5 29. c4 Nd4 30.
Rcb1 e4 31. Bd1 c5 32. Rb2 g5 33. Ke3 Re8 34. g3 f4+ 35. gxf4 Nf5+ 36. Kf2 gxf4 37. Bg4 e3+ 38. Ke1 Nd4 39. Rab1 Rb8 40. a6 b6 41. a7 Ra8 42. Rxb6 Rxa7 43. Rh6 Ra2 44. Rxh7+ Kc6 45. Bd7+ Kd6 46. Bg4 f3 47. Rf7 Re2+ 48.
Kd1 Rd2+ 49. Ke1 Re2+ 50. Kf1 Rf2+ 51. Ke1 Re2+ 1/2-1/2

[Event "Late-Titled-Tuesday-Blitz-August-29-2023"]
[Site "Chess.com"]
[Date "2023.08.29"]
[Round "2"]
[White "ckgchess"]
[Black "jaskol95"]
[Result "1-0"]
[WhiteElo "2906"]
[BlackElo "2572"]
[TimeControl "180+1"]
[EndTime "14:18:42 PDT"]
[Termination "ckgchess won by checkmate"]

1. d4 d5 2. Nf3 Nc6 3. c4 e5 4. cxd5 Qxd5 5. Nc3 Bb4 6. e3 e4 7. Nd2 Bxc3 8. bxc3 Nf6 9. Ba3 Bg4 10. Qa4 a6 11. c4 Qd7 12. h3 Bh5 13. Rb1 O-O-O 14. Qb3 b6 15. Bb2 Rhe8 16. c5 b5 17. a4 Na7 18.
axb5 axb5 19. Ra1 c6 20. Bc3 Kb7 21. Ba5 Ra8 22. g4 Bg6 23. Be2 h5 24. Rg1 hxg4 25. hxg4 Nd5 26. Kd1 Reb8 27. Kc2 Kc8 28. Rh1 Qe8 29. g5 Nf4 30. Bg4+ Kb7 31. Bb6 Nd5 32.
Bxa7 Rxa7 33. Nc4 Qe7 34. Rxa7+ Kxa7 35. Ra1+ Kb7 36. Nd6+ Kc7 37. Ra7+ Kd8 38. Rxe7 Kxe7 39. Bf5 Rh8 40. Bxg6 fxg6 41. Nxe4 Rh2 42. Qa3 Ke6 43.
Kd2 Kf5 44. Qd3 Kg4 45. Qe2+ Kf5 46. Qf3+ Ke6 47. Qg4+ Ke7 48. Qg3 Rh5 49. Qd6+ Kf7 50. Qxc6 Ne7 51. Qd7 Rh4 52. Nd6+ Kf8 53. Qe8# 1-0

[Event "Late-Titled-Tuesday-Blitz-August-29-2023"]
[Site "Chess.com"]
[Date "2023.08.29"]
[Round "2"]
[White "MarcoRiehle"]
[Black "HalfIsCrayfish"]
[Result "1-0"]
[WhiteElo "2836"]
[BlackElo "2537"]
[TimeControl "180+1"]
[EndTime "14:18:42 PDT"]
[Termination "MarcoRiehle won by checkmate"]

1. e4 c5 2. a3 Nc6 3. b4 cxb4 4. axb4 Nxb4 5. c3 Nc6 6. d4 d6 7. d5 Ne5 8. f4 Nd7 9. Nf3 g6 10.
Qd4 f6 11. h4 Bg7 12. h5 Qb6 13. Be3 Qxd4 14. Bxd4 a6 15. Na3 Kf7 16. Nb5 b6 17. Nc7 Ra7 18. Ne6 Nc5 19. f5 gxf5 20. exf5 Nh6 21. Bxc5 bxc5 22. Bd3 c4 23. Be4 Ng4 24. Ke2 Bh6 25. Rhb1 Rg8 26. Rb4 Ne5 27. Nxe5+ fxe5 28. Kf3 Bxe6 29. dxe6+ Kf6 30. g4 Rc8 31. Ra5 Bd2 32. Ra3 a5 33. Rb5 Rc5 34. Rxc5 dxc5 35. Ke2 Bf4 36. Ra4 h6 37. Bb1 Kg5 38. Kf3 Bd2 39. Rxc4 a4 40. Rxc5 a3 41. Rc8 a2 42.
Rg8+ Kh4 43. Bxa2 Rxa2 44. f6 exf6 45. e7 e4+ 46. Kxe4 Bxc3 47. Kd3 Ra3 48. e8=Q Bb4+ 49. Kc4 Rc3+ 50. Kxb4 Rg3 51. Qg6 f5 52. Qf6+ Kh3 53. Qxf5 Kh4 54. Qf6+ Kh3 55. Qxh6 Rxg4+ 56. Rxg4 Kxg4 57.
Qg6+ Kh4 58. h6 Kh3 59. h7 Kh2 60. h8=Q# 1-0

[Event "Late-Titled-Tuesday-Blitz-August-29-2023"]
[Site "Chess.com"]
[Date "2023.08.29"]
[Round "2"]
[White "The_Straightforward_Rook"]
[Black "IngOscarArdila"]
[Result "0-1"]
[WhiteElo "2479"]
[BlackElo "2313"]
[TimeControl "180+1"]
[EndTime "14:18:43 PDT"]
[Termination "IngOscarArdila won on time"]

1. d4 Nf6 2. c4 e6 3. Nf3 Bb4+ 4. Nbd2 O-O 5. a3 Be7 6. Qc2 d5 7. e4 dxe4 8. Nxe4 Nbd7 9. Be3 Nxe4 10. Qxe4 Nf6 11.
Qc2 c5 12. O-O-O cxd4 13. Nxd4 Qa5 14. Kb1 Bd7 15. Bd3 Rac8 16. g4 Ba4 17. b3 Bc6 18. Nxc6 bxc6 19. g5 Ng4 20. Bxh7+ Kh8 21. a4 Nxe3 22.
fxe3 g6 23. Bxg6 fxg6 24. Rd7 Rce8 25. Qxg6 Qf5+ 26. Qxf5 exf5 27. h4 Bc5 28. h5 Re7 29. Rhd1 Rfe8 30. g6 Bxe3 31. R7d6 c5 32. a5 Kg7 33.
Ra6 f4 34. h6+ Kxh6 35. Rh1+ Kg5 36. Rh7 Rxh7 37. gxh7 Rh8 38. Rxa7 f3 39. Rf7 Kg4 40.
Kc2 Kg3 41. Kd3 Bd4 42. a6 Kg2 43. a7 f2 44. Ke2 Re8+ 45. Kd3 f1=Q+ 46. Rxf1 Kxf1 47.
b4 Re3+ 48. Kc2 Rc3+ 49. Kd2 Ra3 50. bxc5 Rxa7 51. Kd3 Bg7 52. Ke4 Ke2 53. Kd5 Kd3 54. c6 Bh8 55. c5 Rxh7 56. Kd6 Ke4 57. c7 Be5+ 0-1

[Event "Late-Titled-Tuesday-Blitz-August-29-2023"]
[Site "Chess.com"]
[Date "2023.08.29"]
[Round "2"]
[White "Chessdreamer2020"]
[Black "Bauman_Guy"]
[Result "0-1"]
[WhiteElo "2542"]
[BlackElo "2849"]
[TimeControl "180+1"]
[EndTime "14:18:44 PDT"]
[Termination "Bauman_Guy won by resignation"]

1. e4 c5 2. Nf3 d6 3. d4 Nf6 4. Nc3 cxd4 5. Qxd4 Nc6 6. Bb5 Bd7 7. Bxc6 Bxc6 8. Bg5 e6 9. O-O-O Be7 10. Qd3 Qa5 11. h4 h6 12. Bd2 Qa6 13. Qxa6 bxa6 14. Bf4 e5 15. Be3 Nxe4 16. Nxe4 Bxe4 17. Rhe1 f5 18.
h5 Kf7 19. Bd2 Rhc8 20. Bc3 Rc6 21. Kb1 Rac8 22. Rg1 Bf6 23. Nd2 Bd5 24. Nf1 Be6 25.
Ne3 f4 26. Nd5 Bg4 27. f3 Bxh5 28. Nb4 Rb6 29. Nd5 Rbc6 30. Nb4 Rxc3 31. bxc3 Ke6 32. Rd3 Bg6 33. Rd2 Rxc3 34. Rgd1 Be7 35. Nd5 Rc6 36. Kb2 Bd8 37. Re2 Kf5 38. Kb3 Bf7 39.
c4 a5 40. a4 g5 41. Rh1 h5 42.
Rd2 Rc5 43. Rc1 g4 44. Rh1 g3 45. Rc2 h4 46. Rd2 Be6 47. Rd3 Kg5 48. Rd2 Rc8 49. Kc3 Rc5 50. Kb3 Bxd5 51. Rxd5 Rxd5 52. cxd5 e4 53. fxe4 f3 54. gxf3 g2 55. Rg1 h3 56.
Kc2 Bb6 57. e5 Bxg1 58. e6 Kf6 59. Kd3 Bb6 0-1

[Event "Late-Titled-Tuesday-Blitz-August-29-2023"]
[Site "Chess.com"]
[Date "2023.08.29"]
[Round "2"]
[White "Aureliano-Buendia"]
[Black "Sanan_Sjugirov"]
[Result "0-1"]
[WhiteElo "2546"]
[BlackElo "2854"]
[TimeControl "180+1"]
[EndTime "14:18:45 PDT"]
[Termination "Sanan_Sjugirov won by checkmate"]

1. e4 c5 2. Nf3 e6 3. c3 d5 4.
exd5 Qxd5 5. d4 Nf6 6. Be2 Nc6 7.
O-O cxd4 8. cxd4 Be7 9. Nc3 Qd8 10. Bc4 O-O 11. Be3 a6 12. a4 Nb4 13. Qe2 b6 14.
Ne5 Bb7 15. f4 g6 16. Rad1 Nbd5 17. f5 exf5 18. Bh6 Re8 19. Rd3 Bf8 20. Rh3 Bxh6 21. Rxh6 Qd6 22. Qf2 Qf8 23. Qh4 Qg7 24. g4 g5 25. Qh3 fxg4 26. Nxg4 Nxg4 27. Qxg4 Qxh6 28. Bxd5 Bxd5 29. Nxd5 Re6 30. Nc7 Rae8 31. Nxe8 Rxe8 32. Rf5 f6 33. Rf1 Qg6 34. Qd7 Qf7 35. Qc6 Re6 36. Qc8+ Kg7 37. Qxa6 Qd7 38. Qd3 Rd6 39. Rd1 Qg4+ 40.
Kf2 Qf4+ 41. Kg2 Qg4+ 42. Kf2 Rd5 43. Rd2 Rf5+ 44. Ke1 Qg1+ 45. Ke2 Qf1+ 46. Ke3 Qf3# 0-1

[Event "Late-Titled-Tuesday-Blitz-August-29-2023"]
[Site "Chess.com"]
[Date "2023.08.29"]
[Round "2"]
[White "GGuseinov"]
[Black "XiaoKangZhong"]
[Result "1-0"]
[WhiteElo "2865"]
[BlackElo "2546"]
[TimeControl "180+1"]
[EndTime "14:18:46 PDT"]
[Termination "GGuseinov won by resignation"]

1. e4 d5 2. exd5 Qxd5 3. Nc3 Qa5 4. Bc4 Nf6 5. d4 Bf5 6. Nf3 e6 7. Ne5 c6 8. Bd2 Qc7 9. g4 Bg6 10. h4 Nbd7 11. Qe2 Nxe5 12. dxe5 Nd5 13. h5 Bxc2 14. Rc1 Nxc3 15. Bxc3 Ba4 16. b3 Bb5 17.
Bxb5 cxb5 18. Qxb5+ Qd7 19. Qxd7+ Kxd7 20. Rd1+ Ke8 21. Rh3 Rc8 22. Ke2 Be7 23. Rhd3 Rd8 24. Rxd8+ Bxd8 25. Bb4 Bc7 26. f4 f6 27. exf6 gxf6 28.
Kf3 Rg8 29. Bc3 Ke7 30. Bb4+ Ke8 31. Rc1 Kd7 32. Bc3 Rf8 33. Bb2 Rf7 34. Rd1+ Ke8 35. Re1 Kd7 36. h6 a6 37. Rd1+ Ke8 38. a4 b5 39. Ba3 Rd7 40. Rxd7 Kxd7 41. Ke4 bxa4 42. bxa4 Bd8 43. Bb2 Kc6 44. Bc1 Kc5 45. g5 fxg5 46. fxg5 Kc4 47. g6 hxg6 48. Bb2 Kb3 49. Be5 Kxa4 50. h7 Bf6 51. Bxf6 1-0

[Event "Late-Titled-Tuesday-Blitz-August-29-2023"]
[Site "Chess.com"]
[Date "2023.08.29"]
[Round "2"]
[White "Bilan_Danila"]
[Black "nitpicker"]
[Result "1/2-1/2"]
[WhiteElo "2481"]
[BlackElo "2294"]
[TimeControl "180+1"]
[EndTime "14:18:47 PDT"]
[Termination "Game drawn - insufficient material"]

1. d4 Nf6 2. Nf3 b6 3. g3 d5 4.
Bg2 e6 5. O-O Bb7 6. c4 c6 7.
Qc2 Be7 8. Nbd2 O-O 9. e4 Nbd7 10. Rd1 Rc8 11. b3 c5 12. exd5 exd5 13. Qf5 g6 14. Qh3 cxd4 15. Nxd4 Ne5 16. N2f3 Neg4 17. Bf4 Rc5 18.
Ne5 Bc8 19. Nxg4 Bxg4 20. Qh6 Bxd1 21. Rxd1 Ng4 22. Qh3 h5 23. Bxd5 Rxd5 24. cxd5 Qxd5 25. Qg2 Rd8 26. h3 Qxg2+ 27. Kxg2 Nf6 28. Kf3 Bc5 29. Be3 Rd6 30. Rd2 Nd5 31. Nc2 Nxe3 32. Rxd6 Bxd6 33.
Nxe3 Bc5 34. Ke4 Kf8 35. f4 Ke7 36. Nd5+ Kd6 37. g4 f5+ 38. gxf5 gxf5+ 39. Kxf5 Kxd5 40. Kg5 Ke4 41. f5 Ke5 42. f6 Ke6 43. Kg6 Bf8 44. Kxh5 Kxf6 45. Kg4 Ba3 46. Kf4 Kg6 47. Ke4 Kh5 48.
Kd5 Kh4 49. Kc6 Kxh3 50. Kb7 Bc5 51. Kxa7 Kg3 52. b4 Bd4 53. Ka6 Kf3 54. a4 Ke4 55. a5 bxa5 56. Kb5 axb4 57. Kxb4 1/2-1/2

[Event "Late-Titled-Tuesday-Blitz-August-29-2023"]
[Site "Chess.com"]
[Date "2023.08.29"]
[Round "2"]
[White "rasmussvane"]
[Black "js20000"]
[Result "0-1"]
[WhiteElo "2969"]
[BlackElo "2644"]
[TimeControl "180+1"]
[EndTime "14:18:48 PDT"]
[Termination "js20000 won by resignation"]

1. Nf3 Nc6 2. d4 e6 3. g3 Nf6 4.
Bg2 b6 5. c4 Bb4+ 6. Bd2 Bxd2+ 7. Qxd2 Bb7 8. O-O O-O 9. Rc1 d6 10. Nc3 Re8 11. d5 Nb8 12. b4 Nbd7 13. Nd4 Qc8 14. dxe6 fxe6 15. Nc6 Nb8 16. b5 Bxc6 17. bxc6 Na6 18. Na4 Rb8 19. Rab1 e5 20. Bd5+ Kh8 21. Qd3 e4 22. Qd4 Qh3 23. f3 Re5 24. Qf2 e3 25.
Qg2 Qxg2+ 26. Kxg2 Nxd5 27. cxd5 Rxd5 28. Nc3 Rd2 29. f4 Nc5 30. Kf3 Re8 31. Nb5 Re7 32.
Rc3 a6 33. Na3 Rxa2 34. Nc2 Ne4 35. Rxb6 Re8 36. Rbb3 Nd2+ 37. Kg4 Nxb3 38. Nb4 Rb2 39. Nd5 Nd4 40. Nxc7 Rc8 41. Nd5 Rxc6 42. Rxe3 Rc8 43. Re7 Rxe2 44. Rd7 Rxh2 45. Ne7 Rf8 46. Rxd6 h5+ 47.
Kg5 Nf3+ 48. Kg6 Rf6+ 49. Rxf6 gxf6 50. Kxf6 a5 51. f5 a4 52. Ng6+ Kh7 53. Nf8+ Kh6 54. Kf7 a3 55. f6 a2 56. Ne6 a1=Q 57. Ke7 Qa7+ 58. Kf8 Ne5 59. Nd8 0-1

[Event "Late-Titled-Tuesday-Blitz-August-29-2023"]
[Site "Chess.com"]
[Date "2023.08.29"]
[Round "2"]
[White "KNVB"]
[Black "LeninGuerra"]
[Result "1-0"]
[WhiteElo "2825"]
[BlackElo "2535"]
[TimeControl "180+1"]
[EndTime "14:18:48 PDT"]
[Termination "KNVB won by resignation"]

1. d4 Nf6 2. Bf4 c5 3. e3 e6 4.
c3 b6 5. Nf3 Bb7 6. h3 d6 7. Nbd2 Nbd7 8. Bh2 Be7 9. Bd3 O-O 10. O-O cxd4 11. exd4 Re8 12. Re1 Nf8 13. a4 Ng6 14. a5 Nd5 15. Bb5 Rf8 16. a6 Bc8 17.
Bc6 Rb8 18. Bxd5 exd5 19. Qb3 Be6 20. Qb5 Qd7 21. Qxd7 Bxd7 22. Rxe7 Nxe7 23. Bxd6 Rbe8 24. Re1 Nc8 25. Bxf8 Rxe1+ 26. Nxe1 Kxf8 27. Nc2 Ke7 28. Nb4 Kd6 29. Nf1 Bb5 30. Ne3 Ne7 31. h4 g6 32.
f3 f5 33. g3 Be2 34. Kf2 Bb5 35. g4 f4 36. Ng2 Nc6 37. Nxc6 Kxc6 38. Nxf4 Bxa6 39. h5 gxh5 40. Nxh5 Bd3 41. Ke3 Bb1 42. f4 Kd6 43. f5 a5 44. Kf4 b5 45. Nf6 h6 46.
Ng8 Bc2 47. Nxh6 a4 48. Nf7+ Ke7 49. Ne5 Kd6 50. g5 Ke7 51. g6 Kf6 52. Ng4+ Kg7 53.
Kg5 Bd3 54. f6+ Kf8 55. Ne5 Kg8 56. Nxd3 a3 57. bxa3 1-0

[Event "Late-Titled-Tuesday-Blitz-August-29-2023"]
[Site "Chess.com"]
[Date "2023.08.29"]
[Round "2"]
[White "rdarruda"]
[Black "ArmanGhevondyanchess"]
[Result "1-0"]
[WhiteElo "2558"]
[BlackElo "2205"]
[TimeControl "180+1"]
[EndTime "14:18:49 PDT"]
[Termination "rdarruda won by resignation"]

1. d4 Nf6 2. Nf3 g6 3. Nc3 d5 4.
Bg5 Ne4 5. Bf4 Bg7 6. e3 O-O 7. Nxe4 dxe4 8. Nd2 c5 9. c3 cxd4 10. exd4 f5 11. f3 Nc6 12. Bc4+ Kh8 13. O-O e5 14.
dxe5 g5 15. Bg3 f4 16. Be1 e3 17. Ne4 Qxd1 18. Rxd1 Nxe5 19. Be2 h6 20. h4 g4 21. fxg4 Bxg4 22. Bxg4 Nxg4 23. Rf3 Ne5 24. Rh3 Rad8 25. Rb1 Rfe8 26. Nc5 b6 27. Nb3 Rd7 28. Kf1 Red8 29. Ke2 Nc4 30. Rf3 Be5 31. g3 fxg3 32. Bxg3 Bxg3 33.
Rxg3 Nd2 34. Nxd2 Rxd2+ 35. Kxe3 R8d3+ 36. Kf4 Rf2+ 37. Kg4 h5+ 38. Kh3 Rff3 39. Rxf3 Rxf3+ 40. Kg2 Rf4 41. Kg3 Rg4+ 42. Kh3 Kh7 43. Rd1 Ra4 44. Rd7+ Kg6 45. Rd6+ Kg7 46. a3 Ra5 47. Kg3 Rb5 48. b4 a5 49. Kf4 axb4 50. axb4 Kh7 51. Re6 Rd5 52. Rxb6 Rd3 53. Rc6 Kg7 54. b5 Rd5 55. c4 Rd4+ 56. Kg5 Rg4+ 57. Kxh5 Rd4 58. b6 Rd8 59. c5 Rb8 60. Kg5 Rf8 61. Rc7+ Kh8 62.
b7 Rg8+ 63. Kh6 Rf8 64. Rc8 Kg8 1-0

[Event "Late-Titled-Tuesday-Blitz-August-29-2023"]
[Site "Chess.com"]
[Date "2023.08.29"]
[Round "2"]
[White "schachlana"]
[Black "simplerXiao"]
[Result "0-1"]
[WhiteElo "2276"]
[BlackElo "2491"]
[TimeControl "180+1"]
[EndTime "14:18:49 PDT"]
[Termination "simplerXiao won by resignation"]

1. d4 d5 2. Nf3 Nf6 3. g3 c5 4. Bg2 Nc6 5. O-O cxd4 6. Nxd4 e5 7. Nxc6 bxc6 8. c4 Be6 9. cxd5 cxd5 10. Qa4+ Qd7 11.
Nc3 Qxa4 12. Nxa4 Be7 13. b3 O-O 14. Bb2 e4 15. Rac1 Rac8 16. Rfd1 Rfd8 17. e3 Kf8 18. h3 Ke8 19. Bf1 Rxc1 20. Rxc1 Rc8 21. Bb5+ Kd8 22. Kg2 Rxc1 23. Bxc1 Nd7 24. Bb2 Bf6 25. Ba3 Be5 26. Nc5 Nxc5 27. Bxc5 a5 28. h4 Bc3 29. Bb6+ Ke7 30.
Bd4 Bxd4 31. exd4 Bg4 32. Kf1 Kd6 33. Ke1 f6 34. Kd2 g5 35. a3 h6 36. Kc3 f5 37. b4 axb4+ 38. axb4 f4 39. Kd2 Bd7 40. Ba6 Ba4 41. hxg5 hxg5 42. gxf4 gxf4 43. Bb7 Bb3 44. Ke2 Bc4+ 45. Kd2 Kc7 46. Ba8 Kd6 47. Bb7 Bb5 48. Bc8 Kc7 49. Be6 Kc6 50. Bf7 Bc4 51. Be8+ Kb6 52.
Bd7 Bb5 53. Be6 Bc6 54. Kc3 Kb5 55. Bf7 Ka4 56. Be6 Bb7 57. Bf7 Ka3 58. Be6 Ka2 59.
b5 Ka3 60. b6 Ka4 61. Bf7 Kb5 62. Be6 Kxb6 63. Kb4 Kc6 64. Bg4 Ba6 65. Kc3 Bf1 66. Bh5 Bg2 67. Bd1 e3 68. fxe3 f3 69. Ba4+ Kd6 70.
Kd2 f2 0-1

[Event "Late-Titled-Tuesday-Blitz-August-29-2023"]
[Site "Chess.com"]
[Date "2023.08.29"]
[Round "2"]
[White "Piotrek1979"]
[Black "rochaaaaaaaaaa"]
[Result "1-0"]
[WhiteElo "2464"]
[BlackElo "2227"]
[TimeControl "180+1"]
[EndTime "14:18:49 PDT"]
[Termination "Piotrek1979 won by resignation"]

1. Nf3 d5 2. g3 Nd7 3. Bg2 e5 4. d3 Ngf6 5. O-O Bd6 6. c4 c6 7.
cxd5 cxd5 8. Nc3 O-O 9. b3 Re8 10. Nb5 Bf8 11. Qc2 Re7 12. Qc7 Re8 13. Qxd8 Rxd8 14.
Bb2 e4 15. Ne5 Nxe5 16. Bxe5 Bf5 17. Bxf6 gxf6 18. Nc7 Rac8 19. Nxd5 Rxd5 20. dxe4 Rd2 21. exf5 b6 22. Bf3 Rcc2 23. a4 Rb2 24. Rab1 Bb4 25.
Rfc1 Kg7 26. Kf1 Bc5 27. Rxb2 Rxb2 28. Bd5 Rd2 29. Bc4 a5 30. h4 Kf8 31. Rc3 Ke7 32. Kg2 Bd4 33. Rf3 Be5 34. Re3 Kf8 35. f4 Bd6 36. Re4 Rd1 37. Kf3 Rf1+ 38. Kg4 Rg1 39.
Re3 Bc5 40. Rf3 Kg7 41. Kh5 Rd1 42. g4 h6 43. g5 fxg5 44. fxg5 hxg5 45. hxg5 Rh1+ 46.
Kg4 f6 47. gxf6+ Kxf6 48. Kf4 Bd6+ 49. Ke4 Be5 50. Kd5 Rd1+ 51. Kc6 Bd4 52. Be6 Bc5 53. e4 Rc1 54. Bc4 Rd1 55. Bd5 Rc1 56. Kd7 Rd1 57. Rg3 Ke5 58. Rg6 Rf1 59. Re6+ Kd4 60. f6 Kc3 61. Ke8 Bd4 62. f7 Bc5 63. Rc6 Kd4 64.
Rxc5 bxc5 65. f8=Q Rxf8+ 66. Kxf8 1-0

[Event "Late-Titled-Tuesday-Blitz-August-29-2023"]
[Site "Chess.com"]
[Date "2023.08.29"]
[Round "2"]
[White "RIPOL"]
[Black "enriquetejedor"]
[Result "0-1"]
[WhiteElo "2413"]
[BlackElo "2691"]
[TimeControl "180+1"]
[EndTime "14:18:50 PDT"]
[Termination "enriquetejedor won by resignation"]

1. d4 Nf6 2. c4 b6 3. Nc3 Bb7 4. f3 e6 5. e4 d6 6. Be3 Nbd7 7. Nh3 g6 8. Nf2 Bg7 9. Be2 O-O 10. O-O e5 11. d5 a5 12. a3 Nh5 13. b4 f5 14. Nd3 f4 15. Bf2 g5 16. c5 axb4 17.
axb4 Rxa1 18. Qxa1 bxc5 19. bxc5 Bc8 20. Qa3 Rf6 21.
cxd6 cxd6 22. Nb5 Bf8 23. Rc1 Rh6 24. Qa8 Nb6 25. Qb8 Qe8 26. Bxb6 Ng3 27. Rxc8 Nxe2+ 28. Kf2 Qe7 29. Kxe2 Rxh2 30. Ne1 g4 31. Qc7 Qxc7 32.
Nxc7 Kf7 33. Ne6 Be7 34. Rc7 Kf6 35. Ba5 h5 36. Bb4 h4 37. Kf2 h3 38. Kg1 g3 39.
Ba5 hxg2 40. Nxg2 Rh8 41. Rc8 Rxc8 42. Be1 Rc1 43. Nexf4 exf4 44. Nxf4 Rxe1+ 45. Kg2 Ra1 46. Kxg3 Kf7 47. Kg4 Bf6 48. Kf5 Be5 49. Ng6 Rf1 50. Nxe5+ dxe5 51. Kxe5 Rxf3 52. d6 Ke8 0-1

[Event "Late-Titled-Tuesday-Blitz-August-29-2023"]
[Site "Chess.com"]
[Date "2023.08.29"]
[Round "2"]
[White "jk13"]
[Black "BillieKimbah"]
[Result "0-1"]
[WhiteElo "2666"]
[BlackElo "3041"]
[TimeControl "180+1"]
[EndTime "14:18:53 PDT"]
[Termination "BillieKimbah won on time"]

1. e4 e5 2. Nf3 Nc6 3. Bc4 Bc5 4. d3 d6 5. c3 Bb6 6. Bb3 h6 7. Nbd2 Nf6 8. h3 a5 9. Nf1 Be6 10. Bc2 d5 11. Qe2 a4 12. a3 dxe4 13. dxe4 O-O 14.
Ng3 Nd7 15. O-O Nc5 16. Be3 Qe7 17. Rad1 Rfd8 18. Rfe1 Nd7 19. Bc1 Bc5 20. Nf5 Qf8 21. Nh2 Bxf5 22. exf5 Nf6 23. Qc4 Nd7 24. Ng4 Kh8 25.
Qe4 f6 26. Nh2 Bb6 27. Qh4 Ne7 28. Qh5 Nc5 29. Ng4 Ng8 30. Qh4 Nb3 31. Bxb3 axb3 32. Qh5 Rxd1 33. Rxd1 Rd8 34. Re1 Rd3 35. Qh4 Qf7 36.
Rf1 Kh7 37. Re1 Bc5 38. Ne3 Qd7 39. Qe4 Ne7 40. g4 Bxe3 41. Bxe3 Rd1 42. Kf1 Rxe1+ 43. Kxe1 Nd5 44. Bd2 b5 45. Qd3 Qc6 46. f3 Nb6 47. Qe4 Qd6 48. Ke2 Nc4 49. Bc1 Qc5 50. Be3 Qd6 51.
Bc1 Qa6 52. Qd5 b4 0-1

[Event "Late-Titled-Tuesday-Blitz-August-29-2023"]
[Site "Chess.com"]
[Date "2023.08.29"]
[Round "2"]
[White "hsd2016"]
[Black "Cambek64"]
[Result "0-1"]
[WhiteElo "2273"]
[BlackElo "2479"]
[TimeControl "180+1"]
[EndTime "14:18:53 PDT"]
[Termination "Cambek64 won on time"]

1. e4 c5 2. Nf3 d6 3. d4 cxd4 4.
Nxd4 Nf6 5. Nc3 a6 6. h3 e5 7. Nf3 h5 8. Bg5 Be6 9. Nd5 Nbd7 10. c3 Be7 11. Nxe7 Qxe7 12. Qd2 O-O-O 13. Rd1 Nc5 14. Bd3 Qc7 15. Qe2 Nxd3+ 16. Qxd3 Bxa2 17. Nd2 d5 18. exd5 Bxd5 19. Bxf6 gxf6 20. Qf5+ Kb8 21. O-O Qc6 22. f3 Rdg8 23. Kh1 Rg5 24. Qd3 Rhg8 25. Rf2 f5 26.
Qe3 f6 27. Ra1 h4 28. b3 f4 29. Qd3 Be6 30. c4 Bf5 31. Ne4 Bxe4 32. Qxe4 Qxe4 33. fxe4 Rg3 34. Rb1 Rd8 35. Rf3 Rd4 36. Re1 b6 37. Rxg3 hxg3 38. h4 Rd7 39. Kg1 Kc7 40. Ra1 a5 41. Kf1 Rh7 42. Ke2 Rxh4 43. Rd1 Rh8 44. Ra1 Kc6 45. Rd1 Ra8 46. Ra1 Rd8 47. Rh1 Kc5 48.
Rh6 Rd6 49. Rh1 Kb4 50. Rb1 Rd4 51. Kf3 Rd2 0-1